 Dungeon Crawl Stone Soup version 0.29.1-14-g9c671dbff4 (webtiles) character file.

Game seed: 13515763172258579229

3852 THTSBRD the Covert (level 10, -16/83 HPs)
             Began as a Formicid Hunter on Feb 14, 2023.
             Was a Believer of Ashenzari.
             Killed from afar by an acid dragon (23 damage)
             ... with a splash of acid
             ... on level 8 of the Dungeon.
             The game lasted 00:12:48 (7826 turns).

THTSBRD the Covert (Formicid Hunter)                Turns: 7826, Time: 00:12:49

Health: -16/83     AC: 11    Str: 15    XL:     10   Next: 41%
Magic:  10/10      EV: 18    Int:  8    God:    Ashenzari [**....]
Gold:   549        SH:  0    Dex: 30    Spells: 9/9 levels left

rFire   + . .      SeeInvis +   a - +3 shortbow
rCold   + . .      Faith    .   (no shield)
rNeg    . . .      Spirit   .   p - +1 ring mail of Dishonour {Dex+5}
rPois   .          Reflect  .   (helmet unavailable)
rElec   .          Harm     .   k - scarf "Overhang to Understand" {rC+ rF+, Self, Melee} (curse)
rCorr   .          Rampage  .   (no gloves)
Will    +....                   (no boots)
Stlth   +++++.....              (no amulet)
HPRegen 0.23/turn               d - ring "Lashed With Me" {Fly, Alch, Evo} (curse)
MPRegen 0.12/turn               g - ring of Cremastomancy {AC+4, Fort, Cun} (curse)

@: flying, unable to read
A: permanent stasis, dig shafts and tunnels, antennae 3, four strong arms, agile
1, shaggy fur 1, inability to read after injury 1
a: Dig, Shaft Self, Renounce Religion, Shatter the Chains


You were on level 8 of the Dungeon.
You worshipped Ashenzari.
Ashenzari was pleased with you.
You visited 1 branch of the dungeon, and saw 8 of its levels.

You collected 549 gold pieces.

Inventory:

Hand Weapons
 a - a +3 shortbow (weapon)
Armour
 c - a +0 leather armour
 k - the cursed scarf "Overhang to Understand" (worn) {rC+ rF+, Self, Melee}
   (You found it on level 2 of the Dungeon)

   It has a curse which improves the following skills: Introspection: Fighting
   and Spellcasting.
   Melee Combat: Short Blades, Long Blades, Axes, Maces & Flails, Polearms,
   Staves and Unarmed Combat.
 p - the +1 ring mail of Dishonour (worn) {Dex+5}
   (You found it on level 4 of the Dungeon)

   Dex:       It affects your dexterity (+5).
 A - a +1 cloak
Jewellery
 d - the cursed ring "Lashed With Me" (left hand) {Fly, Alch, Evo}
   (You took it off a hobgoblin on level 1 of the Dungeon)

   [ring of flight]

   Fly:       It grants you flight.
   It has a curse which improves the following skills: Alchemy: Poison Magic and
   Transmutations.
   Evocations: Evocations.
 g - the cursed ring of Cremastomancy (right hand) {AC+4, Fort, Cun}
   (You found it on level 1 of the Dungeon)

   [ring of protection]

   AC:        It affects your AC (+4).
   It has a curse which improves the following skills: Fortitude: Armour and
   Shields.
   Cunning:   Dodging and Stealth.
 h - a ring of protection from fire
 x - a ring of protection from cold
Wands
 n - a wand of flame (48)
 r - a wand of iceblast (1)
 z - a wand of polymorph (1)
Scrolls
 b - a scroll of immolation
 i - a scroll of amnesia
 l - 5 scrolls of identify
 u - a scroll of silence
 y - a scroll of blinking
Potions
 e - a potion of degeneration
 f - 4 potions of lignification
 m - a potion of flight
 q - a potion of magic
 s - a potion of attraction


   Skills:
 + Level 8.2(9.4) Fighting
 + Level 8.3 Ranged Weapons
 + Level 6.7(8.0) Dodging
 + Level 9.4(10.7) Stealth


You had 9 spell levels left.
You didn't know any spells.
Your spell library contained the following spells:

 Spells                   Type           Power      Damage    Failure   Level
 Freeze                   Ice            0%         1d3       65%         1
 Passwall                 Tmut/Erth      0%         N/A       77%         2
 Poisonous Vapours        Pois/Air       0%         N/A       77%         2
 Ensorcelled Hibernation  Hex/Ice        0%         N/A       78%         2
 Frozen Ramparts          Ice            0%         1d1       95%         3
 Corpse Rot               Necr/Pois/Air  0%         N/A       100%        4
 Hailstorm                Conj/Ice       0%         3d3       100%        4
 Swiftness                Air            Unusable   N/A       N/A         3

Dungeon Overview and Level Annotations

Branches:
Dungeon (8/15)             Temple (0/1) D:6            Lair (0/5) D:8

Altars:
Ashenzari
Elyvilon
Fedhas
Nemelex Xobeh
Qazlal
Ru
Vehumet
Xom
The Shining One


Innate Abilities, Weirdness & Mutations

You cannot be hasted, slowed, berserked, paralysed or teleported.
You can dig through walls and to a lower floor.
You have a pair of large antennae on your head. (SInv)
Your four strong arms can wield two-handed weapons with a shield.
You are agile. (Dex +4, Str/Int -1)
You are covered in fur. (AC +1)
You occasionally lose the ability to read scrolls when taking damage.


Message History

You are too injured to fight recklessly!
You are too injured to fight recklessly!
You are too injured to fight recklessly!
You are too injured to fight recklessly!
Your magical effects are unravelling.
You feel magically purged.
You feel less wooden.
The cursed scarf "Overhang to Understand" {rC+ rF+, Self, Melee} unmelds from your body.
The +1 ring mail of Dishonour {Dex+5} unmelds from your body.
You feel resistant to extremes of temperature.
The warg completely misses you. The warg bites you but does no damage.
Aiming: Polymorph
Press: ? - help, Q - select action, (/) - cycle Shift-Dir - straight line, f/p - warg
Aim: a warg (will become a scorpion, a sky beast, or a bullfrog, chance to affect: 31%)
The warg easily resists.
The warg closely misses you. The warg bites you!
* * * LOW HITPOINT WARNING * * *
The warg completely misses you.
Aiming: Polymorph
Press: ? - help, Q - select action, (/) - cycle Shift-Dir - straight line, f/p - warg
Aim: a warg (will become a scorpion, a sky beast, or a bullfrog, chance to affect: 31%)
The warg evaporates and reforms as a scorpion!
The warg barely misses you. The scorpion completely misses you.
Aiming: Polymorph
Press: ? - help, Q - select action, (/) - cycle Shift-Dir - straight line, f/p - scorpion
Aim: a scorpion (will become an iguana, an acid dragon, or an ogre, chance to affect: 49%)
The scorpion evaporates and reforms as an ogre!
The warg closely misses you. The ogre hits you!
* * * LOW HITPOINT WARNING * * *
Aiming: Polymorph
Press: ? - help, Q - select action, (/) - cycle Shift-Dir - straight line, f/p - ogre
Aim: an ogre (will become a tengu, a steam dragon, or an acid dragon, chance to affect: 49%)
The ogre evaporates and reforms as an acid dragon!
The warg bites you.
* * * LOW HITPOINT WARNING * * *
The orc priest casts a cantrip, but nothing happens.
The acid dragon spits acid at you. The splash of acid hits you!!
You feel threatened and lose the ability to read scrolls!
You die...

, , * ..>., , *
... , ... , .*
* ,, .o{ ** .##
, {o## ,..#
#,*#o# #.#
.#..##D#####.#
,
.?....h@..≈#.#
..####.##.~#.#
,, #....≈~.####
..,
#.....≈~##.## *
.≈~~*
#.##..~...#.#
.# . *
#.####~.##.##
#..#.,*
#.####~~##.#
#...###
####.....~~##.#
. #≈,...#
#.....###.≈~#.#


You could see a warg, an acid dragon (catching breath), an orc priest, an orc
wizard (invisible) and an orc.

Vanquished Creatures
  Erica (D:8)
  Grinder (D:5)
  Sigmund (D:2)
  Eustachio (D:6)
  A warg (D:8)
  2 water moccasins (D:7)
  2 orc warriors
  4 ice beasts
  2 ogres (D:4)
  A kobold brigand (D:6)
  2 phantoms
  2 bullfrogs
  2 necrophages (D:7)
  3 scorpions
  3 wights (D:6)
  2 howler monkeys
  4 jellies
  7 hounds
  An orc priest (D:4)
  An iguana (D:4)
  Ijyb (D:4)
  Natasha (thrice) (D:3)
  4 orc wizards
  2 gnolls
  6 adders
  2 ufetubi (D:6)
  4 worms
  4 dart slugs
  30 orcs
  18 endoplasms
  4 giant cockroaches (D:2)
  8 goblins
  16 hobgoblins
  5 jackals (D:1)
  5 quokkas
  4 ball pythons
  9 bats
  4 frilled lizards
  21 kobolds
  4 rats
197 creatures vanquished.

Vanquished Creatures (others)
  3 fungi (D:2)
  6 toadstools (D:2)
9 creatures vanquished.

Grand Total: 206 creatures vanquished

Notes
Turn   | Place    | Note
-------+----------+-------------------------------------------
     0 | D:1      | THTSBRD the Formicid Hunter began the quest for the Orb.
     0 | D:1      | Reached XP level 1. HP: 16/16 MP: 1/1
    98 | D:1      | Reached XP level 2. HP: 12/23 MP: 2/2
   102 | D:1      | HP: 1/23 [hobgoblin (4)]
   676 | D:1      | Reached skill level 2 in Stealth
   721 | D:1      | Reached XP level 3. HP: 24/28 MP: 3/3
  1627 | D:2      | Reached XP level 4. HP: 33/34 MP: 4/4
  1985 | D:2      | Found a faded altar of an unknown god.
  2068 | D:2      | Noticed Sigmund
  2075 | D:2      | Killed Sigmund
  2076 | D:2      | Reached skill level 3 in Stealth
  2076 | D:2      | Reached XP level 5. HP: 33/42 MP: 5/5
  2076 | D:2      | Reached XP level 6. HP: 38/48 MP: 6/6
  2323 | D:2      | Reached skill level 5 in Ranged Weapons
  2325 | D:2      | Reached skill level 4 in Stealth
  2847 | D:3      | Gained mutation: You are covered in fur. (AC +1) [potion of
                  | mutation]
  2847 | D:3      | Gained mutation: You occasionally lose the ability to read
                  | scrolls when taking damage. [potion of mutation]
  2847 | D:3      | Gained mutation: You are agile. (Dex +4, Str/Int -1)
                  | [potion of mutation]
  2934 | D:3      | Noticed Natasha
  2942 | D:3      | Killed Natasha
  2953 | D:3      | Reached XP level 7. HP: 54/54 MP: 7/7
  3132 | D:3      | Found a radiant altar of Vehumet.
  3193 | D:3      | Noticed Natasha
  3200 | D:3      | Killed Natasha
  3307 | D:3      | Noticed Natasha
  3310 | D:3      | Killed Natasha
  3536 | D:4      | Reached skill level 5 in Stealth
  3835 | D:4      | Identified the +1 ring mail of Dishonour {Dex+5}
  4029 | D:4      | Reached skill level 5 in Fighting
  4029 | D:4      | Reached XP level 8. HP: 46/62 MP: 8/8
  4174 | D:4      | Noticed Ijyb
  4185 | D:4      | Killed Ijyb
  4402 | D:4      | Found a sacrificial altar of Ru.
  4402 | D:4      | Found a shimmering altar of Xom.
  4775 | D:5      | Entered Level 5 of the Dungeon
  4803 | D:5      | Reached skill level 6 in Stealth
  5193 | D:5      | Found a sparkling altar of Nemelex Xobeh.
  5194 | D:5      | Found a broken altar of Ashenzari.
  5194 | D:5      | Found a blossoming altar of Fedhas.
  5195 | D:5      | Found a glowing golden altar of the Shining One.
  5302 | D:5      | Found a white marble altar of Elyvilon.
  5308 | D:5      | Noticed Grinder
  5329 | D:5      | Killed Grinder
  5330 | D:5      | Reached skill level 5 in Dodging
  5330 | D:5      | Reached skill level 7 in Stealth
  5330 | D:5      | Reached XP level 9. HP: 67/69 MP: 9/9
  5577 | D:5      | Became a worshipper of Ashenzari the Shackled
  5699 | D:6      | Found a staircase to the Ecumenical Temple.
  5713 | D:6      | Noticed Eustachio
  5724 | D:6      | Killed Eustachio
  6026 | D:6      | Found a stormy altar of Qazlal.
  6089 | D:6      | Reached skill level 8 in Stealth
  6671 | D:7      | Reached * piety under Ashenzari
  6916 | D:7      | Identified the +1 pair of gloves of Dimnash {*Corrode rPois
                  | rF+ Slay+3}
  6930 | D:7      | Reached XP level 10. HP: 79/79 MP: 10/10
  7087 | D:7      | Reached ** piety under Ashenzari
  7799 | D:8      | Found a staircase to the Lair.
  7800 | D:8      | Noticed Erica
  7808 | D:8      | Killed Erica
  7809 | D:8      | Reached skill level 9 in Stealth
  7820 | D:8      | Identified the cursed scarf "Overhang to Understand" {rC+
                  | rF+, Self, Melee} (You found it on level 2 of the Dungeon)
  7826 | D:8      | Killed from afar by an acid dragon

Illustrated notes

Levels and vault maps discovered:
D:1:      ncdulo_lavacross, layout_basic, nicolae_eternal_life,
          minmay_split_cup_large
D:2:      cheibrodos_fertilizer, layout_loops_corners, serial_aquarium,
          aquarium_bridge_straight [aquarium_subvault_bridge,
          aquarium_subvault_window, aquarium_subvault_bridge,
          aquarium_subvault_window], aquarium_window_2, aquarium_window_1,
          aquarium_window_fake, aquarium_view_2c, ebering_ecumenical_altar_rust,
          uniq_sigmund
D:3:      layout_rooms, vehumet_altar_wand_db, chequers_serial_rivers_large_b,
          uniq_natasha
D:4:      minmay_chambers_of_twos, layout_loops_corners,
          amethyst_overflow_temple_binary, roderic_three_in_a_row, uniq_ijyb
D:5:      layout_cave_pools, lemuel_tele_altar,
          chequers_temple_overflow_statue_of_worship,
          minmay_misc_feat_nine_boxes, uniq_grinder
D:6:      layout_basic, pf_just_have_faith, minmay_temple_entry_junction,
          st_stairs_1, kennysheep_nondescript, eino_tiny_chamber,
          feat_on_display, uniq_eustachio
D:7:      layout_basic, serial_curves, eino_curves_03, eino_curves_01,
          eino_curves_01, minmay_hedge_maze
D:8:      layout_loops_cross, mainiacjoe_overflow_paths,
          erik_lair_orcish_takeover, serial_rivers,
          chequers_serial_rivers_small_3, chequers_serial_rivers_small_a,
          chequers_serial_rivers_marsh, chequers_serial_rivers_micro_e,
          chequers_serial_rivers_small_3, chequers_serial_rivers_small_b,
          kb_rosetta, uniq_erica

Skill      XL: |  1  2  3  4  5  6  7  8  9 10 |
---------------+-------------------------------+-----
Dodging        | 2 3 4 5 6 |  6.7
Stealth        | 2 3 4 5 7 8 9 |  9.4
Fighting       | 3 4 5 6 7 8 |  8.2
Ranged Weapons | 5 6 7 8 |  8.3

Action                   |  1- 3 |  4- 6 |  7- 9 | 10-12 || total
-------------------------+-------+-------+-------+-------++-------
Melee: Shortbow          |     2 |       |       |     1 ||     3
       Punch             |     1 |       |       |       ||     1
 Fire: Shortbow          |    89 |   131 |   376 |    50 ||   646
Invok: Curse Item        |       |       |     2 |     1 ||     3
Evoke: Wand              |       |       |     1 |     4 ||     5
  Use: Potion            |     2 |     2 |       |     8 ||    12
       Scroll            |     1 |     4 |     2 |     2 ||     9
Armor: Leather armour    |    14 |    19 |     3 |       ||    36
       Ring mail         |       |       |    46 |     3 ||    49
       Skin              |       |       |       |    12 ||    12
Dodge: Dodged            |    40 |    29 |   122 |    30 ||   221
